 Dungeon Crawl Stone Soup version 0.30-a0-726-gd89dcf765f (webtiles) character file.

Game seed: 8286954237638673829

7 jimonade the Cutter (level 2, -1/15 HPs)
             Began as a Vine Stalker Gladiator on Jan 30, 2023.
             Frozen to death by an endoplasm (3 damage)
             ... on level 1 of the Dungeon.
             The game lasted 00:00:28 (287 turns).

jimonade the Cutter (Vine Stalker Gladiator)         Turns: 287, Time: 00:00:28

Health: -1/15      AC:  4    Str: 16    XL:     2   Next: 0%
Magic:  0/3        EV: 12    Int:  8    God:
Gold:   24         SH:  0    Dex: 15    Spells: 1/1 levels left

rFire   . . .      SeeInvis .    a - +0 rapier
rCold   . . .      Faith    .    (no shield)
rNeg    . . .      Spirit   +    b - +0 leather armour
rPois   .          Reflect  .    c - +0 helmet
rElec   .          Harm     .    (no cloak)
rCorr   .          Rampage  .    (no gloves)
Will    .....                    (no boots)
Stlth   +                        (no amulet)
HPRegen 0.22/turn                (no ring)
MPRegen 0.08/turn                (no ring)

@: no status effects
A: fangs 2, magic shield, antimagic bite, no potion heal 2
a: no special abilities


You were on level 1 of the Dungeon.
You visited 1 branch of the dungeon, and saw 1 of its levels.

You collected 24 gold pieces.

Inventory:

Hand Weapons
 a - a +0 rapier (weapon)
Missiles
 d - 3 throwing nets (quivered)
 e - a javelin
Armour
 b - a +0 leather armour (worn)
 c - a +0 helmet (worn)
Scrolls
 f - a scroll of vulnerability {unknown}
 i - a scroll of noise {unknown}
Potions
 g - a potion of heal wounds {unknown}
 h - a potion of degeneration {unknown}


   Skills:
 + Level 1.7 Fighting
 * Level 2.9 Short Blades
 + Level 1.7 Throwing
 + Level 2.6 Dodging


You had one spell level left.
You didn't know any spells.
Your spell library contained the following spells:

 Spells                   Type           Power      Damage    Failure   Level
 Ensorcelled Hibernation  Hex/Ice        0%         N/A       63%         2
 Passwall                 Tmut/Erth      0%         N/A       63%         2
 Swiftness                Air            0%         N/A       85%         3


Dungeon Overview and Level Annotations

Branches:
Dungeon (1/15)

Altars:


Innate Abilities, Weirdness & Mutations

You have extremely sharp teeth.
When hurt, damage is shared between your health and your magic reserves.
Your bite disrupts and absorbs the magic of your enemies.
Potions cannot restore your health.


Message History

There is an open door here.
You open the door.
Found a short sword.
Found an escape hatch in the floor.
There is an open door here.
You now have 24 gold pieces (gained 7).
You open the door.
An endoplasm, a dart slug and a kobold come into view.
Found 8 gold pieces.
Found a mace.
There is an open door here.
Found a scroll labelled AMMYAVASYTZ.
You see here 8 gold pieces.
The endoplasm quivers.
You puncture the dart slug!
You bite the dart slug, but do no damage.
The dart slug is almost dead.
The endoplasm completely misses you. The dart slug launches a dart at you.
The slug dart hits you. The endoplasm attacks as you move away!
The endoplasm barely misses you. The endoplasm attacks as you move away!
The endoplasm completely misses you.
You see here 8 gold pieces.
The kobold shouts!
There is an open door here.
The endoplasm attacks as you move away! The endoplasm closely misses you.
You barely miss the endoplasm. The endoplasm freezes you.
You are frozen.
You hit the endoplasm.
The endoplasm is almost dead.
The endoplasm freezes you.
You are frozen.
The endoplasm freezes you.
You are frozen.
* * * LOW HITPOINT WARNING * * *
You barely miss the endoplasm.
The endoplasm is almost dead.
The endoplasm freezes you.
You are frozen.
You die...

.'...## #........#
#.......#. ##....###
#........# #......†#.
#..)...# #........#
########.. ######.#
#........# ##.#
#######)# #.)......#
##..# ........#
#.....K..# #### ###..##
........#
######w#?..#P..♣♣....##
........##
#J#.#....P....P..#
.........#
#@#.#PP....♣...P..
.......#.# #.#
...♣...P.....♣
.......#..######.#
..♣P.P...P....
.......+.........#
..............
.......###.#######
.♣..P.....P... .......#
#..# ♣......<.....P
#......####.##
....P.....P.P.
.......'..#..##
.P............
#......##.##..#
.....P...P.♣P♣


You could see a dart slug, an endoplasm and a kobold.

Vanquished Creatures
  An endoplasm (D:1)
  A goblin (D:1)
  2 jackals (D:1)
  A frilled lizard (D:1)
  A rat (D:1)
6 creatures vanquished.

Notes
Turn   | Place    | Note
-------+----------+-------------------------------------------
     0 | D:1      | jimonade the Vine Stalker Gladiator began the quest for the
                  | Orb.
     0 | D:1      | Reached XP level 1. HP: 11/11 MP: 2/2
   217 | D:1      | Reached XP level 2. HP: 15/15 MP: 3/3
   287 | D:1      | Frozen to death by an endoplasm

Illustrated notes

Levels and vault maps discovered:
D:1:      wander_arrival_fairy_ring, layout_basic

Action                     || total
---------------------------++-------
  Melee: Rapier            ||    18
         Bite              ||     8
         Punch             ||     1
 Armour: Leather armour    ||     6
  Dodge: Dodged            ||    18

Table legend: (Time is in decaauts)
 A = Elapsed time spent in this place.
 B = Non-inter-level travel time spent in this place.
 C = Inter-level travel time spent in this place.
 D = Time resting spent in this place.
 E = Time spent auto-exploring this place.
 F = Levels seen in this place.
 G = Mean time per level.
                   A        B        C        D        E       F      G
               +--------+--------+--------+--------+--------+-----+--------+
         Total |    288 |    288 |      0 |      0 |    234 |   1 |  288.0 |
       Dungeon |    288 |    288 |      0 |      0 |    234 |   1 |  288.0 |
               +--------+--------+--------+--------+--------+-----+--------+

Top non-repeatable levels by time:
     D:1: 288 daAuts
